 Dungeon Crawl Stone Soup version 0.29.1-15-g9cfb28693d (webtiles) character file.

Game seed: 11537806710065511101

174 hawla the Firebug (level 6, -3/45 HPs)
             Began as a Meteoran Fire Elementalist on Mar 28, 2023.
             Killed from afar by an orc wizard (12 damage)
             ... with a puff of flame
             ... on level 4 of the Dungeon.
             The game lasted 00:04:26 (480 turns).

hawla the Firebug (Meteoran Fire Elementalist)       Turns: 480, Time: 00:04:27

Health: -3/45      AC:  3    Str:  8    XL:     6   Next: 10%
Magic:  1/12       EV: 12    Int: 22    God:
Gold:   28         SH:  0    Dex: 13    Spells: 4/11 levels left

rFire   . . .      SeeInvis .   (no weapon)
rCold   . . .      Faith    .   (no shield)
rNeg    . . .      Spirit   .   a - +0 robe
rPois   .          Reflect  .   (no helmet)
rElec   .          Harm     .   e - +0 cloak
rCorr   .          Rampage  .   (no gloves)
Will    .....                   (no boots)
Stlth   +.........              (no amulet)
HPRegen 0.15/turn               (no ring)
MPRegen 0.13/turn               (no ring)

@: brilliant, hasted, glowing, very quick
A: sense surroundings 1, otherworldly, glowing, explore regen, hooves 1, clever
1, clumsy 1
a: no special abilities


You were on level 4 of the Dungeon.
You visited 1 branch of the dungeon, and saw 4 of its levels.

You collected 28 gold pieces.

Inventory:

Armour
 a - a +0 robe (worn)
 e - a +0 cloak (worn)
Jewellery
 d - a +4 ring of protection


   Skills:
 - Level 2.7 Dodging
 - Level 1.5 Stealth
 - Level 3.4 Spellcasting
 + Level 4.5 Conjurations
 - Level 4.9 Fire Magic


You had 4 spell levels left.
You knew the following spells:

 Your Spells              Type           Power      Damage    Failure   Level
a - Foxfire               Conj/Fire      100%       2x1d9     1%          1
b - Scorch                Fire           76%        2d9       2%          2
c - Flame Wave            Conj/Fire      37%        2d10      17%         4

Your spell library contained the following spells:

 Spells                   Type           Power      Damage    Failure   Level
 Conjure Flame            Conj/Fire      37%        6-21      4%          3
 Inner Flame              Hex/Fire       22%        N/A       13%         3


Dungeon Overview and Level Annotations

Branches:
Dungeon (4/15) Zot: 1933
 Temple: D:4-7

Altars:


Innate Abilities, Weirdness & Mutations

You passively map a small area around you.
You are easily found by Zot.
You glow in the dark.
You regain HP and MP as you explore.
You have large cloven feet.
Your mind is acute. (Int +4, Str/Dex -1)
You are clumsy. (Dex -2)


Message History

You cannot move.
You hit something. Something hits you but does no damage.
You barely miss something.
You feel less wooden.
Your +0 cloak unmelds from your body.
Your +0 robe unmelds from your body.
An orc wizard appears from thin air!
Reactivating autopickup.
Unknown command.
You aren't carrying any potions.
You aren't carrying any scrolls.
The orc wizard casts a spell at you. The puff of flame hits you.
* * * LOW HITPOINT WARNING * * *
You see here an orange potion.
It was a potion of curing.
You feel better.
You closely miss the orc wizard.
You kick the orc wizard, but do no damage.
The orc wizard is severely wounded.
You closely miss the orc wizard.
You kick the orc wizard, but do no damage.
The orc wizard is severely wounded.
The orc wizard hits you with a +0 dagger.
* * * LOW HITPOINT WARNING * * *
You hit the orc wizard but do no damage.
Your kick misses the orc wizard.
The orc wizard is severely wounded.
The orc wizard gestures wildly while chanting.
The orc wizard flickers and vanishes!
Deactivating autopickup; reactivate with Ctrl-A.
You barely miss something. You hit something.
Something hits you but does no damage.
You closely miss something. You kick something. Something hits you.
* * * LOW HITPOINT WARNING * * *
You miss something.
Unknown command.
You completely miss something. Your kick misses something.
You hear some strange, mumbled words.
A puff of flame appears from out of thin air!
The puff of flame hits you!
You die...

* #.# #...# *
#.#* ##### *
#.#, $. ,* *
#.#*,*..# ,
#.# ..# , , *
#.# ..# *
#.#..#
#.######{).# ,
, , *
#......@)#..#
###########).#
#..# , #..# ,*
#.. , * ##* *
, *


There were no monsters in sight!

Vanquished Creatures
  An orc priest (D:4)
  Natasha (twice) (D:3 D:4)
  An orc wizard (D:4)
  4 adders
  A shadow imp (D:4)
  A dart slug (D:1)
  6 orcs
  An endoplasm (D:3)
  A giant cockroach (D:3)
  2 goblins
  A kobold (D:4)
  2 quokkas
  3 bats
  2 frilled lizards
  A rat (D:1)
29 creatures vanquished.

Vanquished Creatures (others)
  49 foxfires
49 creatures vanquished.

Grand Total: 78 creatures vanquished

Notes
Turn   | Place    | Note
-------+----------+-------------------------------------------
     0 | D:1      | hawla the Meteoran Fire Elementalist began the quest for
                  | the Orb.
     0 | D:1      | Reached XP level 1. HP: 14/14 MP: 5/5
   115 | D:2      | Reached XP level 2. HP: 15/20 MP: 0/7
   120 | D:2      | Reached XP level 3. HP: 18/26 MP: 1/8
   129 | D:2      | Learned a level 2 spell: Scorch
   232 | D:3      | Noticed Natasha
   236 | D:3      | Killed Natasha
   237 | D:3      | Reached XP level 4. HP: 33/33 MP: 3/10
   242 | D:3      | Learned a level 4 spell: Flame Wave
   314 | D:3      | Noticed Natasha
   418 | D:4      | Killed Natasha
   419 | D:4      | Reached XP level 5. HP: 9/38 MP: 0/11
   435 | D:4      | Gained mutation: You are clumsy. (Dex -2) [potion of
                  | mutation]
   435 | D:4      | Gained mutation: Your mind is acute. (Int +4, Str/Dex -1)
                  | [potion of mutation]
   435 | D:4      | Gained mutation: You have large cloven feet. [potion of
                  | mutation]
   459 | D:4      | Reached XP level 6. HP: 12/45 MP: 1/12
   480 | D:4      | Killed from afar by an orc wizard

Illustrated notes

Levels and vault maps discovered:
D:1:      sevenhm_arrival_forest_fort_large_2, layout_loops_ring,
          hellmonk_ecumenical_altar_pennies_from_heaven, serial_shops, shop
D:2:      layout_basic, basic_altar, uniq_jessica
D:3:      layout_basic, uniq_natasha
D:4:      minmay_diamond_boxcup, layout_basic, minmay_temple_entry_overgrown,
          gammafunk_ghost_necromancy, nicolae_elemental_shop

Skill      XL: |  1  2  3  4  5 |
---------------+----------------+-----
Spellcasting   | 3 |  3.4
Fire Magic     | 4 |  4.9
Conjurations   | 2 4 |  4.5
Dodging        | |  2.7
Stealth        | |  1.5

Action                   |  1- 3 |  4- 6 || total
-------------------------+-------+-------++-------
Melee: Unarmed           |     1 |    36 ||    37
       Kick              |       |     3 ||     3
 Cast: Foxfire           |    23 |     5 ||    28
       Scorch            |     2 |    10 ||    12
       Flame Wave        |       |     1 ||     1
  Use: Potion            |       |     7 ||     7
Armor: Robe              |     2 |     4 ||     6
       Skin              |       |    21 ||    21
Dodge: Dodged            |    10 |    14 ||    24
